 Dungeon Crawl Stone Soup version 0.23.0 (webtiles) character file.

Game seed: 12499903995257877176

158 Faca the Skirmisher (level 5, -2/35 HPs)
             Began as a Gargoyle Fighter on Feb 13, 2019.
             Killed from afar by an orc wizard (3 damage)
             ... with a puff of flame
             ... on level 2 of the Dungeon.
             The game lasted 00:05:43 (2540 turns).

Faca the Skirmisher (Gargoyle Fighter)              Turns: 2540, Time: 00:05:44

Health: -2/35      AC: 10    Str: 20    XL:     5   Next: 40%
Magic:  5/5        EV:  7    Int:  9    God:
Gold:   102        SH:  9    Dex:  9    Spells: 4/4 levels left

rFire    . . .     SeeInvis .   a - +0 flail
rCold    . . .     Gourm    .   c - +0 shield
rNeg     + . .     Faith    .   b - +0 scale mail
rPois    ∞         Spirit   .   (no helmet)
rElec    +         Reflect  .   (no cloak)
rCorr    .         Harm     .   (no gloves)
MR       .....                  (no boots)
Stlth    ..........             (no amulet)
HPRegen  0.11/turn              (no ring)
MPRegen  0.09/turn              (no ring)

@: no status effects
A: negative energy resistance 1, electricity resistance, unbreathing,
petrification resistance, rot immunity, AC +4
a: no special abilities


You were on level 2 of the Dungeon.
You were not hungry.

You visited 1 branch of the dungeon, and saw 3 of its levels.

You collected 102 gold pieces.

Inventory:

Hand Weapons
 a - a +0 flail (weapon)
 p - a +0 morningstar
Armour
 b - a +0 scale mail (worn)
 c - a +0 shield (worn)
 l - a +0 chain mail
Jewellery
 q - an uncursed amulet of regeneration {unknown}
Scrolls
 e - a scroll of fear {unknown}
 h - 2 scrolls of magic mapping {unknown}
 i - 4 scrolls of identify {unknown}
 j - a scroll of amnesia {unknown}
 m - a scroll of enchant armour {unknown}
 o - a scroll of enchant weapon {unknown}
 r - a scroll of blinking {unknown}
 s - a scroll of remove curse {unknown}
Potions
 d - a potion of might
 g - a potion of haste {unknown}
 k - 2 potions of curing {unknown}
 n - a potion of resistance {unknown}
 t - a potion of heal wounds {unknown}
 u - a potion of brilliance {unknown}
Comestibles
 f - a ration


   Skills:
 + Level 5.1 Fighting
 + Level 4.0 Maces & Flails
 - Level 3.2 Armour
 - Level 3.2 Shields


You had 4 spell levels left.
You didn't know any spells.
Your spell library was empty.

Dungeon Overview and Level Annotations

Branches:
Dungeon (3/15)

Altars:


Innate Abilities, Weirdness & Mutations

You are resistant to torment.
Your stone body is resilient. (AC +4)
You are immune to poison.
You resist negative energy. (rN+)
You are resistant to electric shocks. (rElec)
You can survive without breathing.
You are immune to petrification.
You are immune to rotting.


Message History

The magic dart hits you but does no damage.
Something hits you but does no damage.
You barely miss something.
You hear some strange, mumbled words.
A puff of frost appears from out of thin air!
The puff of frost misses you. Something hits you but does no damage.
You miss something. You block something's attack.
Something hits you but does no damage.
You hit something. You miss something. Something hits you but does no damage.
You hear some strange, mumbled words.
A puff of frost appears from out of thin air!
The puff of frost hits you!
* * * LOW HITPOINT WARNING * * *
You closely miss something.
Something hits you but does no damage. x2
You closely miss something. Something hits you but does no damage.
You hear some strange, mumbled words.
A puff of flame appears from out of thin air!
The puff of flame hits you.
You die...

#......# #..##.######....##....
'......# ##.##.# #....##....
#......######.##.# #.#'##.....
##.............#.# #.#.##.....
#.............#.# #.#........
#......)......#.######.#####....
##....................#..........
........#'#####{)####.###########
#######.#......)@# #.......#....
......#.########## #######.#...(
#####.#.# #.##### #.#.# #.#....
#.#.# #.#.### #####.#.# #.#....
....#.#.# #.#.... ###.#.#.#
#.#.... ..#.#.#.# #.#####


There were no monsters in sight!

Vanquished Creatures
  A hound (D:2)
  A gnoll (D:1)
  4 adders
  A worm (D:2)
  A leopard gecko (D:2)
  8 orcs
  6 bats
  4 giant cockroaches
  7 goblins
  9 hobgoblins
  2 quokkas (D:3)
  15 frilled lizards
  6 kobolds
  6 rats
71 creatures vanquished.

Notes
Turn   | Place    | Note
-------+----------+-------------------------------------------
     0 | D:1      | Faca the Gargoyle Fighter began the quest for the Orb.
     0 | D:1      | Reached XP level 1. HP: 14/14 MP: 1/1
   199 | D:1      | Reached XP level 2. HP: 19/19 MP: 2/2
   361 | D:1      | Reached skill level 4 in Fighting
   361 | D:1      | Reached XP level 3. HP: 22/24 MP: 3/3
  1115 | D:2      | Reached XP level 4. HP: 30/30 MP: 4/4
  2157 | D:2      | Reached skill level 5 in Fighting
  2157 | D:2      | Reached XP level 5. HP: 26/35 MP: 5/5
  2538 | D:2      | HP: 1/35 [something/puff of frost (7)]
  2540 | D:2      | Killed from afar by an orc wizard

Skill      XL: |  1  2  3  4  5 |
---------------+----------------+-----
Fighting       | 4 5 |  5.1
Maces & Flails | 3 4 |  4.0
Armour         | |  3.2
Shields        | |  3.2

Action                   |  1- 3 |  4- 6 || total
-------------------------+-------+-------++-------
Melee: Flail             |   186 |   158 ||   344
  Eat: Chunk             |     1 |     2 ||     3
       Ration            |       |     1 ||     1
Armor: Scale mail        |   127 |    97 ||   224
Dodge: Dodged            |    82 |    49 ||   131
Block: Shield            |   119 |    69 ||   188
